 Dungeon Crawl Stone Soup version 0.27-a0-1188-g73eefd5def (webtiles) character file.

Game seed: 9594959195411179706

2908 Glokmah the Fighter (level 9, -11/90 HPs)
             Began as a Minotaur Hunter on May 21, 2021.
             Killed from afar by a steam dragon (15 damage)
             ... with a ball of steam
             ... on level 8 of the Dungeon.
             The game lasted 00:16:28 (9213 turns).

Glokmah the Fighter (Minotaur Hunter)               Turns: 9213, Time: 00:16:28

Health: -11/90     AC: 13    Str: 18    XL:     9   Next: 49%
Magic:  8/8        EV: 10    Int: 14    God:
Gold:   405        SH:  5    Dex: 13    Spells: 8/8 levels left

rFire    . . .     SeeInvis .   b - +1 short sword (venom)
rCold    + . .     Faith    .   (no shield)
rNeg     + . .     Spirit   .   k - +3 scale mail {rC+}
rPois    .         Reflect  +   (helmet restricted)
rElec    .         Harm     .   C - +0 cloak
rCorr    .         Rampage  .   p - +1 pair of gloves
Will     .....                  h - +0 pair of boots
Stlth    ..........             y - amulet of reflection
HPRegen  0.25/turn              j - +6 ring of intelligence
MPRegen  0.11/turn              w - ring of positive energy

@: no status effects
A: horns 2, retaliatory headbutt
a: no special abilities


You were on level 8 of the Dungeon.
You visited 2 branches of the dungeon, and saw 9 of its levels.
You also visited: Sewer.

You collected 405 gold pieces.

Inventory:

Hand Weapons
 a - a +2 hand crossbow
 b - a +1 short sword of venom (weapon)
 c - a +2 flail of holy wrath
Missiles
 d - 114 bolts
 i - 21 poisoned darts (quivered)
 l - 8 boomerangs of dispersal
 o - a throwing net
 v - 5 atropa-tipped darts
Armour
 h - a +0 pair of boots (worn)
 k - a +3 scale mail of cold resistance (worn)
 p - a +1 pair of gloves (worn)
 C - a +0 cloak (worn)
Jewellery
 j - a +6 ring of intelligence (left hand)
 w - a ring of positive energy (right hand)
 y - an amulet of reflection (around neck)
Wands
 e - a wand of iceblast (6)
 q - a wand of mindburst (12)
Scrolls
 g - 2 scrolls of enchant weapon
 n - 2 scrolls of teleportation
 t - 2 scrolls of fog
Potions
 f - a potion of attraction
 m - 6 potions of curing
 r - a potion of cancellation
 s - 7 potions of brilliance
 u - a potion of degeneration
 x - 2 potions of ambrosia
 z - 4 potions of heal wounds
 A - a potion of flight
 B - a potion of might
 D - a potion of haste
 G - a potion of invisibility {unknown}


   Skills:
 + Level 12.3 Fighting
 - Level 10.0 Crossbows
 - Level 2.1 Dodging
 - Level 0.7 Stealth


You had 8 spell levels left.
You didn't know any spells.
Your spell library contained the following spells:

 Spells                   Type           Power      Damage    Failure   Level
 Animate Skeleton         Necr           0%         N/A       69%         1
 Pain                     Necr           0%         1d4       69%         1
 Summon Small Mammal      Summ           0%         N/A       69%         1
 Call Imp                 Summ           0%         N/A       83%         2
 Call Canine Familiar     Summ           0%         N/A       96%         3
 Summon Guardian Golem    Hex/Summ       0%         N/A       96%         3
 Vampiric Draining        Necr           0%         2d6       96%         3
 Animate Dead             Necr           0%         N/A       100%        4
 Summon Ice Beast         Ice/Summ       0%         N/A       100%        4
 Summon Lightning Spire   Summ/Air       0%         N/A       100%        4
 Agony                    Necr           0%         N/A       100%        5


Dungeon Overview and Level Annotations

Branches:
Dungeon (8/15)             Temple (1/1) D:5           Sewer (visited)
   Lair: D:8-11

Altars:
Ashenzari
Cheibriados
Dithmenos
Elyvilon
Fedhas
Gozag
Hepliaklqana
Kikubaaqudgha
Makhleb
Nemelex Xobeh
Qazlal
Ru
Sif Muna
Trog
Vehumet
Wu Jian
Xom
Yredelemnul
Zin
The Shining One
Lugonu

Shops:
D:1 *


Innate Abilities, Weirdness & Mutations

You have a pair of horns on your head.
You reflexively headbutt those who attack you in melee.


Message History

The white ugly thing looks as sick as possible!
You headbutt the white ugly thing.
The white ugly thing is lightly wounded.
The white ugly thing tail-slaps you but does no damage.
You barely miss the white ugly thing. You headbutt the white ugly thing!
The white ugly thing is moderately wounded.
The white ugly thing tail-slaps you. The white ugly thing freezes you.
You resist.
You hit the white ugly thing.
The white ugly thing looks as sick as possible!
The white ugly thing is moderately wounded.
The white ugly thing tail-slaps you but does no damage.
The white ugly thing tail-slaps you. The white ugly thing freezes you!
You resist. The white ugly thing tail-slaps you!
* * * LOW HITPOINT WARNING * * *
The white ugly thing freezes you! You resist.
* * * LOW HITPOINT WARNING * * *
You see here a +0 trident.
You feel much better.
You block the white ugly thing's attack.
You hit the white ugly thing but do no damage.
The white ugly thing is heavily wounded.
The white ugly thing tail-slaps you.
* * * LOW HITPOINT WARNING * * *
The white ugly thing freezes you! You resist.
* * * LOW HITPOINT WARNING * * *
You closely miss the white ugly thing. You headbutt the white ugly thing.
The white ugly thing is heavily wounded.
You block the steam dragon's attack. The steam dragon barely misses you.
The white ugly thing tail-slaps you.
* * * LOW HITPOINT WARNING * * *
The white ugly thing freezes you! You resist.
* * * LOW HITPOINT WARNING * * *
Blink to where?
Press: ? - help, Dir - move target, p - white ugly thing
As you read the scroll of blinking, it crumbles to dust.
The steam dragon breathes steam at you. The ball of steam hits you!
You die...

### # #<# # #.# # #.# # #@# #
###########§# # #........##§#
# #.######.##.# ###### .
#.#...<#.##.# #....# ..
#.#.####.##.# ###....# ...
#.#......##D#####......##...
###'#########u...........##...
#....#>......§...........##...


There were no monsters in sight!

Vanquished Creatures
  Sigmund (D:2)
  A water moccasin (D:5)
  2 sky beasts
  A hornet zombie (D:8)
  2 ogres (D:5)
  2 centaurs
  3 kobold brigands (Sewer)
  A gnoll sergeant (D:7)
  5 scorpions
  2 wyvern zombies
  5 killer bees
  A centaur zombie (D:6)
  A bullfrog zombie (D:6)
  3 hounds
  A bullfrog skeleton (D:6)
  3 orc priests
  Terence (D:2)
  Jessica (D:2)
  A centaur skeleton (D:5)
  A gnoll shaman (D:5)
  6 iguanas
  Ijyb (D:3)
  6 orc wizards
  A killer bee zombie (D:7)
  A hound skeleton (D:4)
  A howler monkey zombie (D:7)
  10 gnolls
  7 river rats
  8 adders
  2 white imps (D:5)
  A dart slug (D:4)
  29 orcs
  18 ball pythons
  4 bats
  6 endoplasms
  6 giant cockroaches
  8 goblins
  4 hobgoblins
  8 jackals
  17 kobolds
  7 quokkas
  4 frilled lizards
  21 rats
214 creatures vanquished.

Notes
Turn   | Place    | Note
-------+----------+-------------------------------------------
     0 | D:1      | Glokmah the Minotaur Hunter began the quest for the Orb.
     0 | D:1      | Reached XP level 1. HP: 18/18 MP: 0/0
   108 | D:1      | Found a faded altar of an unknown god.
   287 | D:1      | Found Pakic's General Store.
   292 | D:1      | Reached XP level 2. HP: 25/25 MP: 1/1
   404 | D:1      | Reached skill level 3 in Fighting
   404 | D:1      | Reached skill level 5 in Crossbows
   737 | D:1      | Reached XP level 3. HP: 31/31 MP: 2/2
  1021 | D:2      | Noticed Jessica
  1023 | D:2      | Killed Jessica
  1249 | D:2      | Reached XP level 4. HP: 38/38 MP: 3/3
  1313 | D:2      | Noticed Sigmund
  1387 | D:2      | Killed Sigmund
  1388 | D:2      | Reached skill level 4 in Fighting
  1388 | D:2      | Reached XP level 5. HP: 39/47 MP: 4/4
  1691 | D:2      | Noticed Terence
  1707 | D:2      | Killed Terence
  1708 | D:2      | Reached XP level 6. HP: 33/53 MP: 5/5
  1948 | D:2      | Found a broken altar of Ashenzari.
  2465 | D:3      | Noticed Ijyb
  2481 | D:3      | Killed Ijyb
  2482 | D:3      | Reached skill level 5 in Fighting
  3273 | D:4      | Reached XP level 7. HP: 61/61 MP: 6/6
  3650 | D:5      | Entered Level 5 of the Dungeon
  3659 | D:5      | Reached skill level 6 in Fighting
  3941 | D:5      | Found a staircase to the Ecumenical Temple.
  4004 | D:5      | Reached XP level 8. HP: 29/71 MP: 7/7
  4011 | D:5      | HP: 2/71 [wyvern zombie (7)]
  4042 | D:5      | Reached skill level 7 in Fighting
  4329 | Temple   | Entered the Ecumenical Temple
  4851 | D:5      | Reached skill level 10 in Crossbows
  5258 | D:5      | Found a burning altar of Makhleb.
  5340 | D:5      | Reached skill level 8 in Fighting
  5633 | D:6      | Found a glowing drain.
  5653 | Sewer    | Entered a sewer
  5698 | Sewer    | Reached skill level 9 in Fighting
  6535 | D:6      | Reached skill level 10 in Fighting
  6635 | D:6      | Reached XP level 9. HP: 81/86 MP: 8/8
  6977 | D:6      | Found a glowing golden altar of the Shining One.
  6977 | D:6      | Found a white marble altar of Elyvilon.
  6977 | D:6      | Found a glowing silver altar of Zin.
  7803 | D:7      | Found an ornate altar of the Wu Jian Council.
  7805 | D:7      | Found a bloodstained altar of Trog.
  7809 | D:7      | Found an ancient bone altar of Kikubaaqudgha.
  7809 | D:7      | Found a broken altar of Ashenzari.
  7809 | D:7      | Found a radiant altar of Vehumet.
  7809 | D:7      | Found a snail-covered altar of Cheibriados.
  7809 | D:7      | Found a sacrificial altar of Ru.
  7824 | D:7      | Reached skill level 11 in Fighting
  8132 | D:7      | Found a basalt altar of Yredelemnul.
  8476 | D:8      | Noticed a white ugly thing
  8904 | D:8      | Reached skill level 12 in Fighting
  9211 | D:8      | HP: 4/90 [white ugly thing (12)]
  9213 | D:8      | Killed from afar by a steam dragon

Illustrated notes

Levels and vault maps discovered:
D:1:      lemuel_arrival_rhombus, layout_loops_corners,
          shapermc_ecumenical_altar_gd, serial_shops, shop, minmay_crystal_room
D:2:      layout_basic, basic_altar, hangedman_decor_peaks_small,
          minmay_fractal_squares_gapless_5, uniq_jessica, uniq_terence,
          uniq_sigmund
D:3:      layout_rooms, uniq_ijyb
D:4:      layout_loops_ring
D:5:      layout_loops_cross, kennysheep_little_box, temple_doors_e,
          small_statue_intersection
D:6:      layout_loops_ring, good_gods_mini_temple, portal_sewer_entry_c
D:7:      layout_cave_pools, grunt_temple_overflow_open
D:8:      layout_basic, lemuel_crystal_altar
Temple:   corrupted_temple

Skill      XL: |  1  2  3  4  5  6  7  8  9 |
---------------+----------------------------+-----
Fighting       | 3 4 5 6 10 12 | 12.3
Crossbows      | 5 6 7 8 9 10 | 10.0
Dodging        | |  2.1
Stealth        | |  0.7

Action                   |  1- 3 |  4- 6 |  7- 9 || total
-------------------------+-------+-------+-------++-------
Melee: Dagger            |    56 |   137 |   193 ||   386
       Headbutt          |     7 |    37 |    92 ||   136
       Flail             |       |       |    22 ||    22
       Short sword       |       |       |   193 ||   193
       Hand crossbow     |       |       |     1 ||     1
 Fire: Hand crossbow     |     2 |     5 |    31 ||    38
  Use: Scroll            |       |     5 |    14 ||    19
       Potion            |       |       |     5 ||     5
Armor: Ring mail         |    23 |    10 |       ||    33
       Leather armour    |     1 |       |       ||     1
       Scale mail        |       |    50 |   226 ||   276
Dodge: Dodged            |    51 |    69 |   305 ||   425
Block: Other             |       |       |    89 ||    89
       Reflection        |       |       |     4 ||     4

Table legend: (Time is in decaauts)
 A = Elapsed time spent in this place.
 B = Non-inter-level travel time spent in this place.
 C = Inter-level travel time spent in this place.
 D = Time resting spent in this place.
 E = Time spent auto-exploring this place.
 F = Levels seen in this place.
 G = Mean time per level.
                   A        B        C        D        E       F      G
               +--------+--------+--------+--------+--------+-----+--------+
         Total |   9265 |   8587 |    678 |   2239 |   4131 |  10 |  926.5 |
       Dungeon |   8446 |   7807 |    639 |   2239 |   3676 |   8 | 1055.8 |
        Temple |     75 |     36 |     39 |      0 |     29 |   1 |   75.0 |
         Sewer |    743 |    743 |      0 |      0 |    425 |   1 |  743.0 |
               +--------+--------+--------+--------+--------+-----+--------+

Top non-repeatable levels by time:
     D:5: 1729 daAuts
     D:6: 1371 daAuts
     D:7: 1246 daAuts
     D:2: 1239 daAuts
     D:1: 1147 daAuts
     D:4: 786 daAuts
   Sewer: 743 daAuts
     D:3: 482 daAuts
     D:8: 443 daAuts
  Temple: 75 daAuts
